 Dungeon Crawl Stone Soup version 0.31-a0-983-g7b6862f502 (webtiles) character file.

Game seed: 1429451286000740502

23 Firecrotchwizard the Ruffian (level 2, -5/18 HPs)
             Began as an Octopode Shapeshifter on Nov 3, 2023.
             Slain by a gnoll
             ... wielding a +1 flail of protection
              (11 damage)
             ... on level 1 of the Dungeon.
             The game lasted 00:01:25 (334 turns).

Firecrotchwizard the Ruffian (Octopode Shapeshifter) Turns: 334, Time: 00:01:25

Health: -5/18      AC:  1    Str: 13    XL:     2   Next: 95%
Magic:  2/2        EV: 13    Int: 12    God:
Gold:   20         SH:  0    Dex: 11    Spells: 1/1 levels left

rFire   . . .        s - +2 dagger (venom)
rCold   . . .        (no shield)
rNeg    . . .        (helmet currently unavailable)
rPois   .            (no amulet)
rElec   .            (no ring)
rCorr   .            (no ring)
SInv    .            (no ring)
Will    .....        (no ring)
Stlth   +++          (no ring)
HPRegen 0.23/turn    (no ring)
MPRegen 0.08/turn    (no ring)
                     (no ring)

%: no passive effects
@: beast-form
A: beast (slay +1), almost no armour, amphibious, 8 rings, camouflage 1,
gelatinous body 1, (nimble swimmer 1), tentacles
a: Begin Untransformation


You were on level 1 of the Dungeon.
You were a hulking beast.
You visited 1 branch of the dungeon, and saw 1 of its levels.

You collected 20 gold pieces.

Inventory:

Hand Weapons
 s - a +2 dagger of venom (weapon)
Talismans
 b - a beast talisman
 c - a flux talisman
Potions
 a - a potion of lignification
 d - a potion of invisibility {unknown}
 e - a potion of resistance {unknown}
 f - a potion of curing {unknown}


   Skills:
 + Level 1.5 Fighting
 - Level 2.0 Dodging
 + Level 1.7 Stealth
 + Level 3.2 Unarmed Combat
 + Level 3.2 Shapeshifting


You had one spell level left.
You didn't know any spells.
Your spell library contained the following spells:

 Spells                   Type           Power      Damage    Failure   Level
 Lesser Beckoning         Tloc           0%         N/A       45%         2
 Sublimation of Blood     Necr           0%         N/A       45%         2
 Wereblood                Tmut           0%         N/A       45%         2
 Gell's Gravitas          Tloc           0%         N/A       69%         3
 Teleport Other           Tloc           0%         N/A       69%         3
 Summon Hydra             Summ           0%         N/A       100%        7


Dungeon Overview and Level Annotations

Branches:
Dungeon (1/15)

Altars:


Innate Abilities, Weirdness & Mutations

You are a hulking beast.
Your limbs bulge with bestial killing power. (Slay +1)
You cannot wear most types of armour.
You are amphibious.
You can wear up to eight rings at the same time.
Your skin changes colour to match your surroundings (Stealth+).
Your rubbery body absorbs attacks. (AC +1, EV +1)
((You are camouflaged when in or above water. (Stealth+)))
You have tentacles for arms and can constrict up to eight enemies at once.


Message History

You see here a +0 dagger.
You open the door.
There is an open door here.
Found a leather armour.
A frilled lizard comes into view.
A frilled lizard is nearby!
The frilled lizard hisses angrily.
The frilled lizard bites you.
You miss the frilled lizard. You grab the frilled lizard.
You constrict the frilled lizard. The frilled lizard bites you.
You tentacle-slap the frilled lizard.
You kill the frilled lizard!
e - a glowing pink potion A goblin comes into view.
It is wielding a +2 dagger of venom.
Found a scale mail.
A ball python and 2 endoplasms come into view.
A rat comes into view.
You have nothing you can fire or use right now.
The helpless goblin fails to defend itself.
You bludgeon the goblin!
You kill the goblin!
You see here a +2 dagger of venom.
s - a +2 dagger of venom The ball python closely misses you.
The ball python grabs you. The ball python constricts you.
You escape the ball python's grasp.
The endoplasm quivers.
The rat barely misses you. The ball python bites you.
The ball python barely misses you.
You closely miss the rat. Your grab misses the rat. The endoplasm misses you.
The ball python misses you. The ball python barely misses you.
You barely miss the rat. You grab the rat. You squeeze the rat.
You kill the rat!
The endoplasm freezes you.
You are frozen.
The ball python closely misses you. The ball python grabs you.
The ball python constricts you.
You escape the ball python's grasp.
You see here a rat corpse.
You barely miss the endoplasm. You squeeze the endoplasm.
The endoplasm is almost dead.
The endoplasm barely misses you.
You tentacle-slap the endoplasm.
You kill the endoplasm!
You tentacle-slap the endoplasm.
You kill the endoplasm!
You closely miss the ball python. You grab the ball python.
You constrict the ball python. The ball python closely misses you.
The ball python barely misses you.
You tentacle-slap the ball python.
You kill the ball python!
Your +2 dagger of venom begins to drip with poison!
s - a +2 dagger of venom (weapon)
You open the door.
There is an open door here.
f - a sedimented puce potion You open the door.
There is an open door here.
A jackal and a goblin come into view.
A jackal comes into view.
The goblin hits you with a +0 club.
You closely miss the goblin. You grab the goblin. You squeeze the goblin.
You kill the goblin!
The helpless jackal fails to defend itself.
You hit the jackal.
You kill the jackal!
The jackal barks!
The jackal closely misses you.
You closely miss the jackal. You grab the jackal.
You constrict the jackal, but do no damage.
The jackal bites you.
You hit the jackal.
The jackal is severely wounded.
You constrict the jackal. The jackal closely misses you.
You hit the jackal.
You kill the jackal!
You open the door.
Found a stone staircase leading down.
There is an open door here.
A gnoll comes into view.
It is wielding a +1 flail of protection.
A gnoll is nearby!
The gnoll shouts!
No target in view!
No target in view!
Found a scroll labelled XATYHA HORINN.
The gnoll hits you with a +1 flail of protection!
You barely miss the gnoll. You grab the gnoll. You squeeze the gnoll.
The gnoll is moderately wounded.
You constrict the gnoll, but do no damage.
The gnoll barely misses you.
You hit the gnoll but do no damage.
The gnoll is poisoned.
The gnoll is moderately wounded.
You constrict the gnoll, but do no damage.
The gnoll hits you with a +1 flail of protection.
* * * LOW HITPOINT WARNING * * *
You hit the gnoll but do no damage.
The gnoll is moderately wounded.
You constrict the gnoll.
The gnoll hits you with a +1 flail of protection!
Ouch! That really hurt!
You die...

### ### .... ....
...) ..... ....
###########......
....
#........hg......
...
#........##..^...
## #........#
.?... #........#
#### ###.###### #
####....# #
#.......# #
#.###...# #
######.# #...# #


You could see a gnoll (very poisoned).

Vanquished Creatures
  2 endoplasms (D:1)
  A giant cockroach (D:1)
  6 goblins (D:1)
  4 jackals (D:1)
  2 ball pythons (D:1)
  4 frilled lizards (D:1)
  A rat (D:1)
20 creatures vanquished.

Notes
Turn   | Place    | Note
-------+----------+-------------------------------------------
     0 | D:1      | Firecrotchwizard the Octopode Shapeshifter began the quest
                  | for the Orb.
     0 | D:1      | Reached XP level 1. HP: 13/13 MP: 1/1
   133 | D:1      | Reached skill level 1 in Stealth
   133 | D:1      | Reached XP level 2. HP: 18/18 MP: 2/2
   334 | D:1      | Slain by a gnoll

Illustrated notes

Levels and vault maps discovered:
D:1:      dpeg_arrival_connections, layout_basic

Skill      XL: |  1 |
---------------+----+-----
Stealth        | 1 |  1.7
Fighting       | |  1.5
Dodging        | |  2.0
Unarmed Combat | |  3.2
Shapeshifting  | |  3.2

Action                     || total
---------------------------++-------
  Melee: Unarmed           ||    30
         Constrict         ||    12
         Tentacles         ||     6
         Dagger            ||     8
   Stab: Sleeping          ||     5
 Armour: Skin              ||    15
  Dodge: Dodged            ||    21

Table legend: (Time is in decaauts)
 A = Elapsed time spent in this place.
 B = Non-inter-level travel time spent in this place.
 C = Inter-level travel time spent in this place.
 D = Time resting spent in this place.
 E = Time spent auto-exploring this place.
 F = Levels seen in this place.
 G = Mean time per level.
                   A        B        C        D        E       F      G
               +--------+--------+--------+--------+--------+-----+--------+
         Total |    331 |    331 |      0 |      0 |    218 |   1 |  331.0 |
       Dungeon |    331 |    331 |      0 |      0 |    218 |   1 |  331.0 |
               +--------+--------+--------+--------+--------+-----+--------+

Top non-repeatable levels by time:
     D:1: 331 daAuts
